 Dungeon Crawl Stone Soup version 0.13-a0-1693-g8ac13c1 (webtiles) character file.

136128 4tharraofdagon the Destroyer (level 16, -8/105 HPs)
             Began as a Demigod Fire Elementalist on June 20, 2013.
             Killed from afar by a deep elf annihilator (17 damage)
             ... with a poison arrow
             ... on Level 3 of the Elven Halls.
             The game lasted 03:09:57 (17001 turns).

4tharraofdagon the Destroyer (DgFE)                Turns: 17001, Time: 03:09:57

HP  -8/105       AC 12     Str 13      XL: 16   Next: 20%
MP  20/37        EV 12     Int 29      God:
Gold 3027        SH 14     Dex 24      Spells:  5 memorised, 21 levels left

Res.Fire  : + + .   See Invis. : +   j - staff of energy
Res.Cold  : . . .   Warding    : .   l - +4 troll leather armour
Life Prot.: + . .   Conserve   : .   m - +0 buckler "Byisasm" {rF++ rN+ Acc+3 Dam+3
Res.Poison: +       Res.Corr.  : .   (no helmet)
Res.Elec. : .       Clarity    : .   R - +1 cloak {darkness}
Sust.Abil.: . .     Spirit.Shd : .   q - +1 pair of gauntlets {Str+3}
Res.Mut.  : .       Stasis     : .   N - -2 pair of boots "Iwku" {MR++ SInv}
Res.Rott. : .       Flight     : .   a - amulet "Twynigruo" {Gourm rPois Dex+3 SInv Gourmand : + L - ring of wizardry D - ring of protection from magic

@: about to teleport, very poisoned, extraordinarily resistant to hostile
enchantments, fairly stealthy
A: AC +1, Str -1, Int +1, Dex +1
a: Evoke Invisibility


You were on level 3 of the Elven Halls.
You were very full.

You visited 4 branches of the dungeon, and saw 34 of its levels.
You also visited: Labyrinth and Wizlab.

You collected 4792 gold pieces.
You spent 1785 gold pieces at shops.

Inventory:

Armour
 l - a +4 troll leather armour (worn)
 m - the +0 buckler "Byisasm" (worn) {rF++ rN+ Acc+3 Dam+3}
   (You bought it in a shop on level 12 of the Dungeon)

   It affects your accuracy (+3).
   It affects your damage-dealing abilities (+3).
   It greatly protects you from fire.
   It protects you from negative energy.
 q - a +1 pair of gauntlets of strength (worn)
 v - the +4 robe of Augmentation {Str+4 Dex+4 Int+4}
   (You found it on level 9 of the Dungeon)

   It affects your strength (+4).
   It affects your intelligence (+4).
   It affects your dexterity (+4).
 N - the -2 pair of boots "Iwku" (worn) {MR++ SInv}
   (You found it on level 19 of the Dungeon)

   It affects your resistance to hostile enchantments.
   It enhances your eyesight.
 R - a +1 cloak of darkness (worn)
Magical devices
 h - a wand of polymorph (12) {unknown}
 I - a wand of teleportation (4)
Comestibles
 c - 7 bread rations
 t - a pear
 C - 8 meat rations
 F - a royal jelly
Scrolls
 f - 3 scrolls of remove curse
 k - a scroll of identify
 n - 2 scrolls of blinking
 s - a scroll of recharging
 S - 4 scrolls of amnesia
Jewellery
 a - the amulet "Twynigruo" (around neck) {Gourm rPois Dex+3 SInv Curse}
   (You found it in a labyrinth)

   [amulet of the gourmand]

   It affects your dexterity (+3).
   It protects you from poison.
   It enhances your eyesight.
   It may recurse itself.
 b - an uncursed ring of poison resistance {unknown}
 o - an uncursed amulet of resist mutation
 p - an uncursed amulet of rage
 u - an uncursed amulet of stasis {unknown}
 y - the amulet of Accord {Cons Str-2 Dex-2}
   (You found it on level 10 of the Dungeon)

   [amulet of conservation]

   It affects your strength (-2).
   It affects your dexterity (-2).
 A - an uncursed ring of wizardry
 D - a ring of protection from magic (left hand)
 E - an uncursed ring of poison resistance {unknown}
 H - an uncursed ring of sustain abilities {unknown}
 L - a ring of wizardry (right hand)
Potions
 d - 2 potions of brilliance
 e - 5 potions of curing
 g - 2 potions of heal wounds
 i - 2 potions of resistance
 r - 5 potions of speed
 w - a potion of magic
 B - 4 potions of restore abilities
 G - a potion of agility {unknown}
 M - a potion of invisibility {unknown}
Magical staves
 j - an uncursed staff of energy (weapon)
 x - an uncursed staff of air
 O - an uncursed staff of fire
Miscellaneous
 K - a legendary deck of war
 Q - a crystal ball of energy
Rods
 U - a -1 lightning rod (13/13)
   (You found it in a labyrinth)


   Skills:
 - Level 1.7 Dodging
 - Level 1.7 Stealth
 - Level 5.1 Shields
 + Level 13.0 Spellcasting
 * Level 15.7 Conjurations
 * Level 15.6 Fire Magic
 - Level 14.1 Evocations


You had 21 spell levels left.
You knew the following spells:

 Your Spells              Type           Power        Failure   Level  Hunger
a - Iskenderun's Battles  Conj/Chrm      ######..     1%          4    None
b - Conjure Flame         Conj/Fire      #######.     0%          3    None
c - Sticky Flame          Conj/Fire      #######.     1%          4    None
d - Fireball              Conj/Fire      #######...   1%          5    None
e - Iskenderun's Mystic   Conj           #######.     1%          4    None


Dungeon Overview and Level Annotations

Branches:
Dungeon (19/27)            Temple (0/1) D:7             Orc (4/4) D:10
    Elf (3/3) Orc:3          Lair (8/8) D:13         Spider (0/5) Lair:4
  Slime (0/6) Lair:7
  Swamp: Lair:3-6    Shoals: Lair:3-6     Snake: Lair:3-6    Vaults: D:15-20

Shops:
D:11: = D:12: ?[[ D:15: ( Orc:4: ![!*?= Elf:3: %!([

Portals:
Hell: D:16

Annotations
D:9 4tharraofdagon's ghost, experienced MiMo
D:17 FOOD


Innate Abilities, Weirdness & Mutations

Your mind is acute (Int +1).
Your muscles are flexible, but weak (Str -1, Dex +1).
You are covered in fur (AC +1).


Message History

* * * LOW HITPOINT WARNING * * *
A deep elf annihilator comes into view. It is wielding a runed elven dagger.
Unknown command.
Evoke which item? (* to show all) (? for menu, Esc to quit)
Zapping:
I - a wand of teleportation (5)
Press: ? - help, Shift-Dir - straight line, f - you You feel strangely unstable.
This wand has 4 charges left.
* * * LOW HITPOINT WARNING * * *
You feel very sick.
The deep elf high priest turns to fight!
The deep elf high priest unwields an uncursed elven long sword.
The deep elf high priest wields an elven bow.
The deep elf high priest shoots an arrow.
The arrow misses you.
The deep elf annihilator hits you but does no damage.
The deep elf annihilator casts a spell at you.
The poison arrow hits you!
You are more poisoned.
You partially resist.
You die...

...,,,* ****,* ...**** *,*
.. * *,* ##************,*
..,,,,,,,,,,,,,* ** ***
****#,*** #.###* #..ee###
**#..3e@e#**
****#e.e..34...#*
**,,,............#*
***,,,,.............#*
**,,,,,,....e.........#*
*,, ,,,,,............e *
**,,,,,,,,,.......⌠...,,**
*,,,,,,,,,, .........,,, *
.,,,, ,,,***,,..., ,,,,,**


You could see 5 deep elf annihilators, a deep elf death mage, a deep elf
sorcerer, a sun demon, a deep elf high priest, an iron devil and a smoke demon.

Vanquished Creatures
  Nikola (D:14)
  2 deep elf blademasters (Elf:3)
  Rupert (Elf:1)
  Aizul (Elf:3)
  4 deep elf annihilators (Elf:3)
  5 deep elf sorcerers (Elf:3)
  Azrael (Elf:2)
  A deep elf master archer (Elf:3)
  Snorg (Elf:2)
  A salamander (D:16)
  A minotaur (Lab)
  Fannar (Orc:4)
  Erica (Lair:2)
  Josephine (D:10)
  8 hydras
  2 ogre magi (Orc:4)
  5 deep elf high priests (Elf:3)
  The ghost of Diracelecht the Basher, an experienced DsAK of Lugonu (D:11)
  3 deep trolls
  Urug (Orc:3)
  Nergalle (D:13)
  2 stone giant skeletons (D:19)
  3 centaur warriors
  A fire giant skeleton (D:18)
  5 deep elf knights
  5 skeletal warriors
  5 unseen horrors
  An ice devil (Elf:3)
  11 hill giants
  5 orc knights
  3 giant amoebae
  7 cyclopes
  A fire crab (D:19)
  An iron troll skeleton (D:19)
  2 orc sorcerers
  3 griffons
  Maurice (D:9)
  A griffon zombie (D:14)
  A black mamba (Lair:7)
  A dragon skeleton (D:17)
  An elephant slug (Lair:6)
  5 elephants (Lair:7)
  A feature mimic (Lair:6)
  13 slime creatures
  6 yaktaurs
  An efreet (D:18)
  2 hill giant zombies
  10 spiny frogs
  A komodo dragon (Lair:8)
  12 trolls
  Grinder (D:3)
  8 spriggans (Lair:8)
  2 wandering mushrooms (Lair:8)
  19 ugly things
  A spriggan (shapeshifter) (D:17)
  A polar bear (Lair:8)
  7 two-headed ogres
  A baby alligator (shapeshifter) (D:19)
  A giant firefly (Lair:8)
  A brown ooze (Lair:7)
  A queen bee (shapeshifter) (D:18)
  18 blink frogs
  A giant firefly (shapeshifter) (D:18)
  3 shadows
  2 jumping spiders (shapeshifter)
  5 grizzly bears (Lair:8)
  29 yaks
  A griffon simulacrum (D:11)
  2 vampires (D:18)
  A wraith (D:19)
  2 fire elementals (Elf:2)
  Eustachio (Orc:1)
  6 wyverns
  3 deep elf conjurers
  9 hippogriffs
  A tarantella (Lair:4)
  2 clay golems
  A fire crab zombie (D:16)
  3 fire drakes
  4 deep elf fighters
  18 vampire mosquitoes
  A fire drake (shapeshifter) (Elf:1)
  A boulder beetle (D:19)
  A mottled dragon (D:19)
  5 deep elf summoners
  A manticore (D:18)
  3 hell hounds (Elf:2)
  A soldier ant (D:15)
  A yaktaur skeleton (D:19)
  2 cyclops zombies
  3 small abominations (WizLab)
  3 deep elf priests
  2 sky beasts
  2 cyclops skeletons
  A hippogriff zombie (D:11)
  2 black bears (Lair:8)
  24 ogres
  3 ice beasts
  A giant goldfish (Lair:8)
  2 hippogriff skeletons
  25 orc warriors
  A centaur (Lair:5)
  A phantom (D:11)
  8 deep elf magi
  2 rotting devils
  A troll skeleton (D:15)
  5 crocodiles
  3 big kobolds
  4 giant slugs
  2 wargs
  18 wolves (Lair:8)
  3 brain worms
  A yellow wasp zombie (D:11)
  A basilisk zombie (D:15)
  7 giant frogs
  Blork the orc (Orc:1)
  An agate snail (Lair:8)
  A giant frog skeleton (D:11)
  8 water moccasins
  An eye of draining (D:12)
  13 killer bees
  4 lava fish (D:16)
  An electric eel (Lair:8)
  An eye of draining (shapeshifter) (D:16)
  5 goliath beetles
  A brain worm zombie (D:9)
  A big kobold zombie (D:10)
  2 crimson imps (D:16)
  25 orc priests
  2 quasits
  12 hounds
  A hound zombie (D:11)
  5 scorpions
  A hound skeleton (D:11)
  11 deep elf soldiers
  3 iguanas
  24 orc wizards
  8 sheep
  3 worker ant zombies
  11 porcupines
  8 worker ants
  5 jellies
  A steam dragon skeleton (D:7)
  8 gnolls
  37 green rats
  12 adders
  5 giant centipedes
  2 giant mites
  A white imp (Elf:1)
  3 worms
  2 grey rats (D:14)
  A bat skeleton (D:4)
  2 giant eyeballs
  5 giant geckos
  An ooze (Lair:7)
  176 orcs
  10 bats
  2 giant cockroaches
  12 hobgoblins
  7 jackals
  22 kobolds
  6 quokkas
  2 giant newts
  A giant spore (D:14)
  10 goblins
  An orc zombie (D:10)
  20 rats
  5 ballistomycetes (D:14)
  2 fungi (Lair:8)
965 creatures vanquished.

Vanquished Creatures (collateral kills)
  An ogre mage (D:17)
  A griffon (D:18)
  2 slime creatures (D:18)
4 creatures vanquished.

Vanquished Creatures (others)
  An efreet (D:18)
  A worker ant (D:9)
  2 giant centipedes (D:18)
  2 orcs
  2 kobolds (D:14)
8 creatures vanquished.

Grand Total: 977 creatures vanquished

Notes
Turn   | Place    | Note
--------------------------------------------------------------
     0 | D:1      | 4tharraofdagon, the Demigod Fire Elementalist, began the quest for the Orb.
     0 | D:1      | Reached XP level 1. HP: 14/14 MP: 5/5
     3 | D:1      | Reached skill level 1 in Conjurations
   353 | D:3      | Reached XP level 2. HP: 15/20 MP: 6/6
   381 | D:3      | Found a glowing golden altar of the Shining One.
   511 | D:4      | Got a ripped robe
   517 | D:4      | Identified the cursed -2 robe of the Zebra {rPois SInv} (You found it on level 4 of the Dungeon)
   725 | D:3      | Noticed Grinder
   790 | D:2      | Reached XP level 3. HP: 13/26 MP: 1/9
   795 | D:2      | Learned a level 3 spell: Conjure Flame
   869 | D:3      | Killed Grinder
   869 | D:3      | Reached skill level 3 in Spellcasting
   869 | D:3      | Reached XP level 4. HP: 17/33 MP: 4/13
   869 | D:3      | Reached XP level 5. HP: 19/38 MP: 4/15
   876 | D:3      | Learned a level 4 spell: Sticky Flame
  1004 | D:4      | Reached XP level 6. HP: 33/45 MP: 2/18
  1053 | D:5      | Entered Level 5 of the Dungeon
  1222 | D:6      | Reached skill level 4 in Fire Magic
  1300 | D:6      | Found a basalt altar of Yredelemnul.
  1567 | D:6      | Learned a level 5 spell: Fireball
  1693 | D:7      | Reached XP level 7. HP: 48/50 MP: 12/20
  1911 | D:7      | Got a twisted leather armour
  1946 | D:6      | Identified the cursed -4 leather armour of Pnovvis {rElec Int-4} (You found it on level 7 of the Dungeon)
  2036 | D:7      | Found a staircase to the Ecumenical Temple.
  2051 | D:7      | Reached skill level 5 in Spellcasting
  2578 | D:9      | Reached XP level 8. HP: 47/57 MP: 16/22
  2581 | D:10     | Entered Level 10 of the Dungeon
  2581 | D:10     | Noticed a hill giant
  2589 | D:10     | Killed a hill giant
  2589 | D:10     | Reached skill level 6 in Spellcasting
  2589 | D:10     | Reached skill level 5 in Conjurations
  2589 | D:10     | Reached skill level 5 in Fire Magic
  2793 | D:10     | Got a glittering ruby amulet
  2923 | D:8      | Noticed a wyvern
  2928 | D:8      | Killed a wyvern
  2928 | D:8      | Reached skill level 1 in Evocations
  2951 | D:9      | Noticed 4tharraofdagon's ghost (experienced MiMo)
  2990 | D:10     | Found a blossoming altar of Fedhas.
  3026 | D:11     | Noticed a troll
  3033 | D:11     | Killed a troll
  3120 | D:11     | Noticed Josephine
  3165 | D:10     | Reached XP level 9. HP: 50/62 MP: 16/25
  3299 | D:10     | Found a staircase to the Orcish Mines.
  3382 | D:10     | Paralysed by a giant eyeball for 2 turns
  3392 | D:11     | Noticed a griffon simulacrum
  3392 | D:11     | Noticed a hill giant zombie
  3551 | D:9      | Noticed Maurice
  3562 | D:9      | Killed Maurice
  3852 | D:10     | Killed Josephine
  3852 | D:10     | Reached skill level 7 in Spellcasting
  3852 | D:10     | Reached skill level 5 in Evocations
  3964 | D:11     | Killed a griffon simulacrum
  3995 | D:11     | Reached XP level 10. HP: 57/69 MP: 24/27
  3997 | D:11     | Killed a hill giant zombie
  4077 | D:11     | Noticed a cyclops
  4205 | D:11     | Killed a cyclops
  4278 | D:11     | Found Rimuampa's Jewellery Emporium.
  4376 | D:12     | Found Twawag's Antique Armour Shoppe.
  4380 | D:12     | Bought a fine buckler for 142 gold pieces
  4380 | D:12     | Bought a runed cloak for 19 gold pieces
  4390 | D:12     | Identified the +0 buckler "Vymy" {Str+2 Dex+4} (You bought it in a shop on level 12 of the Dungeon)
  4434 | D:12     | Found Klepp's Magic Scroll Shoppe.
  4464 | D:12     | Bought a scroll of identify for 26 gold pieces
  4464 | D:12     | Bought a scroll of teleportation for 39 gold pieces
  4464 | D:12     | Bought a scroll of identify for 26 gold pieces
  4464 | D:12     | Bought a scroll of curse weapon for 26 gold pieces
  4487 | D:12     | Reached skill level 1 in Shields
  4537 | D:12     | Found Aczae's Antique Armour Emporium.
  4627 | D:12     | Bought a brightly glowing buckler for 142 gold pieces
  4635 | D:12     | Identified the +0 buckler "Byisasm" {rF++ rN+ Acc+3 Dam+3} (You bought it in a shop on level 12 of the Dungeon)
  4662 | D:13     | Noticed a cyclops
  4662 | D:13     | Noticed a griffon
  4665 | D:13     | Noticed a four-headed hydra
  4669 | D:13     | Killed a griffon
  4670 | D:13     | Killed a four-headed hydra
  4670 | D:13     | Reached skill level 8 in Evocations
  4671 | D:13     | Killed a cyclops
  4692 | D:13     | Found a staircase to the Lair.
  4747 | Lair:1   | Entered Level 1 of the Lair of Beasts
  4845 | Lair:1   | Identified the amulet of Accord {Cons Str-2 Dex-2} (You found it on level 10 of the Dungeon)
  4945 | Lair:1   | Reached XP level 11. HP: 64/74 MP: 8/29
  5074 | Lair:2   | Noticed an eight-headed hydra
  5086 | Lair:2   | Killed an eight-headed hydra
  5086 | Lair:2   | Reached skill level 9 in Evocations
  5180 | Lair:2   | Noticed Erica
  5196 | Lair:2   | Killed Erica
  5248 | Lair:2   | Reached skill level 5 in Shields
  5490 | Lair:1   | Reached skill level 10 in Evocations
  5759 | Lair:4   | Gained mutation: You are covered in fur (AC +1). [potion of beneficial mutation]
  5926 | Lair:4   | Found a hole to the Spider Nest.
  6156 | Lair:6   | Noticed a five-headed hydra
  6157 | Lair:6   | Found a staircase to the Shoals.
  6169 | Lair:6   | Killed a five-headed hydra
  6366 | Lair:6   | Noticed a four-headed hydra
  6420 | Lair:6   | Killed a four-headed hydra
  6566 | Lair:6   | the staircase to the Shoals was a mimic.
  6616 | Lair:8   | Entered Level 8 of the Lair of Beasts
  6622 | Lair:8   | Reached skill level 11 in Evocations
  6654 | Lair:7   | Reached XP level 12. HP: 76/81 MP: 31/31
  6837 | Lair:8   | Noticed an eight-headed hydra
  6856 | Lair:8   | Killed an eight-headed hydra
  6973 | Lair:8   | Noticed a spriggan rider
  6979 | Lair:8   | Killed a giant firefly
  6980 | Lair:8   | Killed a spriggan
  7046 | Lair:8   | Reached skill level 12 in Evocations
  7297 | Lair:8   | Reached skill level 10 in Fire Magic
  7565 | Lair:7   | Noticed a four-headed hydra
  7572 | Lair:7   | Killed a four-headed hydra
  7572 | Lair:7   | Reached skill level 10 in Spellcasting
  7580 | Lair:7   | Reached skill level 10 in Conjurations
  7801 | Lair:7   | Reached skill level 13 in Evocations
  8115 | Lair:7   | Found a staircase to the Slime Pits.
  8509 | D:13     | Reached XP level 13. HP: 76/86 MP: 29/33
  8688 | D:11     | Noticed an unseen horror
  8694 | D:11     | Killed an unseen horror
  8724 | D:11     | Noticed Diracelecht's ghost (experienced DsAK)
  8790 | D:11     | Noticed a hill giant
  8794 | D:11     | Killed a hill giant
  8897 | D:11     | Killed Diracelecht's ghost
  9013 | D:11     | Noticed a skeletal warrior
  9013 | D:11     | Noticed a hill giant
  9019 | D:11     | Killed a skeletal warrior
  9019 | D:11     | Reached skill level 14 in Evocations
  9026 | D:11     | Killed a hill giant
  9059 | D:11     | Noticed a griffon
  9076 | D:11     | Killed a griffon
  9119 | D:11     | Noticed a deep troll
  9128 | D:11     | Killed a deep troll
  9215 | Orc:1    | Entered Level 1 of the Orcish Mines
  9871 | Orc:1    | Noticed Blork the orc
  9874 | Orc:1    | Noticed Eustachio
  9875 | Orc:1    | Killed Blork the orc
  9886 | Orc:1    | Killed Eustachio
  9969 | Orc:3    | Noticed Urug
  9973 | Orc:3    | Killed Urug
 10012 | Orc:3    | Found a staircase to the Elven Halls.
 10305 | Orc:4    | Entered Level 4 of the Orcish Mines
 10305 | Orc:4    | Noticed Fannar
 10309 | Orc:4    | Killed Fannar
 10490 | Orc:4    | Found Dets' Distillery.
 10907 | Orc:4    | Found Ycvat's Armour Shoppe.
 11085 | Orc:4    | Reached XP level 14. HP: 82/93 MP: 8/34
 11180 | Orc:4    | Bought a potion of restore abilities for 42 gold pieces
 11180 | Orc:4    | Bought a potion of poison for 14 gold pieces
 11180 | Orc:4    | Bought a potion of speed for 77 gold pieces
 11180 | Orc:4    | Bought a potion of heal wounds for 42 gold pieces
 11180 | Orc:4    | Bought a potion of paralysis for 14 gold pieces
 11180 | Orc:4    | Bought a potion of blood for 14 gold pieces
 11190 | Orc:4    | Found Pnatwaung's Distillery.
 11196 | Orc:4    | Found Wyijaur's Assorted Antiques.
 11203 | Orc:4    | Found Klinaeph's Jewellery Shop.
 11205 | Orc:4    | Found Klav's Magic Scroll Shop.
 11254 | Orc:4    | Bought a scroll of blinking for 93 gold pieces
 11255 | Orc:4    | Bought 2 scrolls of blinking for 187 gold pieces
 11273 | Orc:4    | Bought a potion of resistance for 84 gold pieces
 11273 | Orc:4    | Bought 2 potions of degeneration for 48 gold pieces
 11273 | Orc:4    | Bought 2 potions of speed for 132 gold pieces
 11273 | Orc:4    | Bought a potion of speed for 66 gold pieces
 11274 | Orc:4    | Bought a potion of brilliance for 30 gold pieces
 11465 | Elf:1    | Entered Level 1 of the Elven Halls
 11646 | Elf:1    | Noticed Rupert
 11654 | Elf:1    | Killed Rupert
 11724 | Elf:1    | Found a magical portal.
 11729 | WizLab   | Entered a wizard's laboratory
 11962 | Elf:2    | Noticed Snorg
 11964 | Elf:2    | Noticed Azrael
 12202 | Elf:1    | 4tharraofdagon: how
 12202 | Elf:1    | 4tharraofdagon: i didnt find single book
 12202 | Elf:1    | Turgon: :-)
 12202 | Elf:1    | Turgon: Yes, that's a demigod
 12203 | Elf:1    | Turgon: No Sif, no Vehumet
 12203 | Elf:1    | 4tharraofdagon: no nothing
 12203 | Elf:1    | Turgon: yes
 12221 | Orc:3    | Turgon: I think demigods are underpowered
 12246 | D:10     | Turgon: They could have better skills e.g.
 12246 | D:10     | 4tharraofdagon: they are just random
 12340 | D:14     | Entered Level 14 of the Dungeon
 12341 | D:14     | Turgon: I was really disappointed after playing for some days with demigods
 12345 | D:14     | Noticed Nergalle
 12391 | D:13     | Noticed a hill giant
 12397 | D:13     | Turgon: Played DgFE sometimes too
 12401 | D:13     | Killed a hill giant
 12494 | D:14     | Turgon: However, you found ring(s) wiz and staff energy which helps a lot
 12498 | D:14     | Noticed Nikola
 12501 | D:13     | 4tharraofdagon: helps in what
 12501 | D:13     | 4tharraofdagon: in fireball?
 12501 | D:13     | 4tharraofdagon: rotfl
 12527 | D:13     | Turgon: Will help with firestorm :-)
 12527 | D:13     | 4tharraofdagon: i wont find firestorm
 12577 | D:13     | Turgon: Ok, then kill cerebov with fireball :-)
 12616 | D:13     | Killed Nergalle
 12813 | D:14     | Found a basalt altar of Yredelemnul.
 12907 | D:14     | Killed Nikola
 12924 | D:14     | Learned a level 4 spell: Iskenderun's Battlesphere
 12929 | D:14     | Learned a level 4 spell: Iskenderun's Mystic Blast
 13008 | D:15     | Entered Level 15 of the Dungeon
 13114 | D:15     | Identified a scroll of acquirement
 13127 | D:15     | Found Steloluf's Weapon Shoppe.
 13874 | D:17     | Found a labyrinth entrance.
 13898 | Lab      | Entered a labyrinth
 14478 | Lab      | Got a wavering lead amulet
 14540 | D:17     | Reached XP level 15. HP: 99/99 MP: 21/36
 15531 | D:19     | Gained mutation: Your muscles are flexible, but weak (Str -1, Dex +1). [potion of beneficial mutation]
 15591 | D:19     | Got a pair of smoking boots
 15595 | D:19     | Identified the cursed -2 pair of boots "Iwku" {MR++ SInv} (You found it on level 19 of the Dungeon)
 15865 | D:16     | Found a gateway to Hell.
 16135 | Elf:3    | Entered Level 3 of the Elven Halls
 16143 | Elf:3    | Noticed Aizul
 16154 | Elf:3    | Killed Aizul
 16154 | Elf:3    | Reached skill level 15 in Conjurations
 16221 | Elf:3    | Noticed a deep elf blademaster
 16226 | Elf:3    | Reached skill level 15 in Fire Magic
 16282 | Elf:3    | Gained mutation: Your mind is acute (Int +1). [potion of beneficial mutation]
 16301 | Elf:3    | Found Boeskas' Distillery.
 16309 | Elf:3    | Bought a potion of heal wounds for 45 gold pieces
 16309 | Elf:3    | Bought a potion of heal wounds for 45 gold pieces
 16309 | Elf:3    | Bought a potion of resistance for 105 gold pieces
 16309 | Elf:3    | Bought a potion of speed for 82 gold pieces
 16309 | Elf:3    | Bought a potion of resistance for 105 gold pieces
 16310 | Elf:3    | Bought 2 potions of curing for 60 gold pieces
 16340 | Elf:3    | Found Ywo Qon's Weapon Shop.
 16352 | Elf:3    | Killed a deep elf blademaster
 16380 | Elf:3    | Found Sachiq's Food Shoppe.
 16515 | Elf:3    | Found Qabatid's Antique Armour Emporium.
 16521 | Elf:3    | Bought a pair of runed dwarven gloves for 43 gold pieces
 16525 | Elf:3    | Bought a pair of runed gauntlets for 37 gold pieces
 16550 | Elf:3    | Noticed a deep elf blademaster
 16606 | Elf:2    | Found a deep blue altar of Sif Muna.
 16617 | Elf:2    | Killed Azrael
 16687 | Elf:2    | Killed Snorg
 16786 | Elf:3    | Reached XP level 16. HP: 105/105 MP: 31/37
 16836 | Elf:3    | Killed a deep elf blademaster
 16996 | Elf:3    | Noticed a deep elf blademaster
 17001 | Elf:3    | Killed from afar by a deep elf annihilator

Action                   |  1- 3 |  4- 6 |  7- 9 | 10-12 | 13-15 | 16-18 || total
-------------------------+-------+-------+-------+-------+-------+-------++-------
Melee: Whip              |    19 |       |       |       |       |       ||    19
       Mace              |       |    20 |    16 |       |       |       ||    36
       Spear             |       |       |    15 |       |       |       ||    15
       Staff             |       |       |    21 |    34 |    18 |       ||    73
 Cast: Flame Tongue      |    48 |    44 |   109 |    60 |    18 |       ||   279
       Conjure Flame     |     1 |     2 |    16 |    61 |    29 |       ||   109
       Sticky Flame      |       |     8 |    34 |   131 |   107 |       ||   280
       Fireball          |       |       |    17 |   142 |   431 |    18 ||   608
       Iskenderun's Batt |       |       |       |       |    51 |     5 ||    56
       Iskenderun's Myst |       |       |       |       |    86 |     2 ||    88
Evoke: Miscellaneous     |       |       |    61 |   393 |   926 |    34 ||  1414
       Wand              |       |       |     2 |     5 |     7 |     2 ||    16
  Use: Scroll            |     1 |       |    18 |    16 |    16 |     1 ||    52
       Potion            |     1 |     1 |     2 |     5 |    13 |     1 ||    23
 Stab: Sleeping          |       |     1 |       |       |       |       ||     1
